 Dungeon Crawl Stone Soup version 0.32-a0-898-g7811c86cf0 (webtiles) character file.

Game seed: 18426424039941393590

2276 spaghetti the Fighter (level 9, -5/135 HPs)
             Began as a Demonspawn Chaos Knight on Apr 4, 2024.
             Was a Plaything of Xom.
             Slain by a yak (8 damage)
             ... on level 6 of the Dungeon.
             The game lasted 00:08:47 (4823 turns).

spaghetti the Fighter (Demonspawn Chaos Knight)     Turns: 4823, Time: 00:08:47

Health: -5/135     AC:  7    Str: 16      XL:     9   Next: 16%
Magic:  13/13      EV: 10    Int: 29      God:    Xom [......]
Gold:   186        SH:  0    Dex: 12 (13) Spells: 12/14 levels left

rFire   . . .        h - +4 long sword (drain)
rCold   + + .        (no shield)
rNeg    . . .        b - +2 leather armour
rPois   +            (helmet currently unavailable)
rElec   +            (cloak currently unavailable)
rCorr   +            g - melded +2 pair of gloves of Macaroni {Regen+ Dex+3}
SInv    .            (boots currently unavailable)
Will    .....        k - amulet of magic regeneration Stlth
                     r - +6 ring of intelligence
HPRegen 0.42/turn    o - ring "Xauhesog" {^Contam rF- rC+ rCorr Int+8}
MPRegen 0.53/turn

%: no passive effects
@: berserking, beast-form, resistant, attractive, hasted, very quick
A: beast (slay +2), antennae 1, rugged brown scales 2, demonic guardian 1,
deterioration 1, robust 1, strong 1
a: Begin Untransformation, Renounce Religion


You were on level 6 of the Dungeon.
You worshipped Xom.
You were a very special plaything of Xom.
You were a hulking beast.
You visited 1 branch of the dungeon, and saw 6 of its levels.

You collected 316 gold pieces.
You spent 130 gold pieces at shops.

Inventory:

Hand Weapons
 a - a +0 falchion of chaos
 h - a +4 long sword of draining (weapon)
Armour
 b - a +2 leather armour (worn)
 g - the +2 pair of gloves of Macaroni (melded) {Regen+ Dex+3}
   (You acquired it on level 4 of the Dungeon)

   Dex+3:     It affects your dexterity (+3).
   Regen+:    It increases your rate of health regeneration.
Jewellery
 k - an amulet of magic regeneration (around neck)
 n - a +5 ring of evasion
 o - the ring "Xauhesog" (right hand) {^Contam rF- rC+ rCorr Int+8}
   (You found it on level 3 of the Dungeon)

   [ring of protection from cold]

   Int+8:     It affects your intelligence (+8).
   rF-:       It makes you vulnerable to fire.
   rC+:       It protects you from cold.
   ^Contam:   It causes magical contamination when unequipped.
   rCorr:     It protects you from acid and corrosion.
 r - a +6 ring of intelligence (left hand)
 x - a ring of magical power
Talismans
 i - a beast talisman (active)
Wands
 m - a wand of warping (2)
 s - a wand of polymorph (8)
 w - a wand of digging (14)
Scrolls
 d - 2 scrolls of teleportation
 e - 2 scrolls of enchant armour
 q - 8 scrolls of identify
 y - 3 scrolls of blinking {unknown}
Potions
 f - 2 potions of mutation
 l - a potion of enlightenment
 p - 3 potions of curing


   Skills:
 + Level 10.5 Fighting
 - Level 2.6 Long Blades
 - Level 1.7 Armour
 - Level 0.8 Dodging
 - Level 3.0 Spellcasting
 - Level 3.0 Hexes
 - Level 4.0 Shapeshifting


You had 12 spell levels left.
You knew the following spells:

 Your Spells              Type           Power      Damage    Failure   Level
a - Jinxbite              Hex            42%        N/A       4%          2

Your spell library contained the following spells:

 Spells                   Type           Power      Damage    Failure   Level
 Confusing Touch          Hex            21%        N/A       9%          3
 Kiss of Death            Conj/Necr      16%        2d6       10%         1
 Dispel Undead            Necr           4%         3d7       67%         4
 Yara's Violent Unravell  Hex/Alch       6%         3d5       80%         5
 Enfeeble                 Hex            10%        N/A       100%        7


Dungeon Overview and Level Annotations

Branches:
Dungeon (6/15)
 Temple: D:4-7

Altars:
Hepliaklqana
Nemelex Xobeh
Ru
Xom

Shops:
D:3 (   D:4 !

Annotations:
D:3 Natasha


Innate Abilities, Weirdness & Mutations

You are a hulking beast.
Your limbs bulge with bestial killing power. (Slay +2)
You have a pair of small antennae on your head.
You are mostly covered in rugged brown scales. (AC +2, +5% HP)
A weak demonic guardian rushes to your aid.
Your body sometimes deteriorates upon taking damage.
You are robust. (+10% HP)
Your muscles are strong. (Str +4, Int/Dex -1)


Message History

The yak is attracted toward you.
You are too confused!
Unknown command.
Unknown command.
You feel better. The yak gores you!
* * * LOW HITPOINT WARNING * * *
Your body deteriorates!
You feel clumsy. The adder is attracted toward you.
You feel yourself speed up. The yak barely misses you.
The yak closely misses you. The yak is attracted toward you.
The adder is attracted toward you. The yak is attracted toward you.
The yak is attracted toward you. The yak is attracted toward you.
The yak is attracted toward you.
Okay, then.
A red film seems to cover your vision as you go berserk!
You feel yourself moving faster!
You feel mighty!
You flicker for a moment.
You slash the yak! You drain the yak.
The yak is almost dead.
The yak closely misses you. The yak gores you but does no damage.
You slash the yak!
You kill the yak!
The yak closely misses you. The adder is attracted toward you.
You slash the yak! You drain the yak.
The yak is heavily wounded.
The adder bites you.
* * * LOW HITPOINT WARNING * * *
A demonic guardian appears!
The yak closely misses you.
You barely miss the yak.
The yak is heavily wounded.
Your quasit bites the yak.
Your quasit barely misses the yak.
Your quasit claws the yak but does no damage.
You closely miss the yak.
The yak is heavily wounded.
You flicker back into view.
The adder bites you but does no damage. The yak gores you!
You die...

....##..##.##...... ....#
#.##.##...[.### #. #..#
#...........§.### ###...
###.###..........§#SY§## ......
.........†.#.....Y###§.####......
###....##.........# ##...?YS.....
#.....###.#....§### ######......
....#[# #(#####SY###### ......
###.#.# #.#####.h5....# ...Y..
###..[###..##........... ......
....#..÷##...........### ...!.Y
###..#..#####........# #####Y
.##[.#...# #........# .
.##......####........#
..#.##.<...##........#
#.#.###.....##########
#.#.###..##..[..#


You could see a yak (drained, ally target), an adder (strong) and a friendly
quasit (summoned).

Vanquished Creatures
  Sigmund (D:3)
  5 yaks (D:6)
  Edmund (D:4)
  2 water moccasins
  A sky beast (D:6)
  2 centaurs
  A phantom (D:4)
  A scorpion (D:6)
  4 wights (D:6)
  3 bombardier beetles
  2 hounds
  A jelly (D:5)
  An iguana (D:5)
  Natasha (D:3)
  7 adders
  3 gnolls (D:4)
  2 ufetubi (D:5)
  10 dart slugs
  A ribbon worm (D:5)
  14 orcs
  8 ball pythons
  8 endoplasms
  2 giant cockroaches (D:1)
  5 goblins
  6 hobgoblins
  4 quokkas
  7 bats
  5 frilled lizards
  8 kobolds
  8 rats
124 creatures vanquished.

Vanquished Creatures (others)
  An orc priest (D:4)
  4 orcs
5 creatures vanquished.

Grand Total: 129 creatures vanquished

Notes
Turn   | Place    | Note
-------+----------+-------------------------------------------
     0 | D:1      | spaghetti the Demonspawn Chaos Knight began the quest for
                  | the Orb.
     0 | D:1      | Reached XP level 1. HP: 18/18 MP: 1/1
    96 | D:1      | XOM: silly message
   154 | D:1      | Gained mutation: You are partially covered in rugged brown
                  | scales. (AC +1, +3% HP) [demonic ancestry]
   154 | D:1      | Reached XP level 2. HP: 17/24 MP: 2/2
   232 | D:1      | XOM: divination: detect items
   909 | D:2      | Reached skill level 4 in Fighting
   909 | D:2      | Reached XP level 3. HP: 30/30 MP: 3/3
  1204 | D:2      | XOM: silly message
  1238 | D:2      | XOM: silly message
  1273 | D:2      | Reached skill level 1 in Shapeshifting
  1418 | D:2      | Gained mutation: You have a pair of small antennae on your
                  | head. [demonic ancestry]
  1418 | D:2      | Reached XP level 4. HP: 39/39 MP: 4/4
  1710 | D:3      | Found a shimmering altar of Xom.
  1713 | D:3      | Found a shimmering altar of Xom.
  1776 | D:3      | Noticed Sigmund
  1777 | D:3      | Gained mutation: Your body sometimes deteriorates upon
                  | taking damage. [potion of mutation]
  1777 | D:3      | Gained mutation: You are robust. (+10% HP) [potion of
                  | mutation]
  1777 | D:3      | Gained mutation: Your muscles are strong. (Str +4, Int/Dex
                  | -1) [potion of mutation]
  1779 | D:3      | Noticed Natasha
  1797 | D:3      | XOM: potion effect (invisibility)
  1811 | D:3      | XOM: potion effect (curing)
  1812 | D:3      | Killed Sigmund
  1812 | D:3      | XOM: potion effect (haste)
  1813 | D:3      | Reached skill level 5 in Fighting
  1813 | D:3      | Reached XP level 5. HP: 47/49 MP: 5/5
  1817 | D:3      | Killed Natasha
  1818 | D:3      | Reached XP level 6. HP: 56/57 MP: 6/6
  1836 | D:3      | Found a hazy altar of Hepliaklqana.
  1877 | D:3      | Found Cigaut Reofy's Antique Weapon Shoppe.
  1988 | D:3      | Identified the ring "Xauhesog" {^Contam rF- rC+ rCorr
                  | Int+8}
  2022 | D:3      | Noticed Natasha
  2123 | D:3      | Found a sparkling altar of Nemelex Xobeh.
  2278 | D:3      | XOM: silly message
  2367 | D:4      | XOM: silly message
  2379 | D:4      | Identified a scroll of acquirement
  2383 | D:4      | XOM: potion effect (haste)
  2434 | D:4      | Acquired the +2 pair of gloves of Macaroni {Regen+ Dex+3}
  2693 | D:4      | Noticed a water moccasin
  2704 | D:4      | XOM: potion effect (haste)
  2705 | D:4      | XOM: divination: detect creatures
  2709 | D:4      | Killed a water moccasin
  2710 | D:4      | Reached skill level 6 in Fighting
  2713 | D:4      | Reached XP level 7. HP: 38/66 MP: 7/7
  2783 | D:4      | Found Gautuysh's Distillery.
  2786 | D:4      | Bought a potion of berserk rage for 65 gold pieces
  2786 | D:4      | Bought a potion of enlightenment for 65 gold pieces
  2811 | D:4      | Noticed Edmund
  2812 | D:4      | XOM: enchant monster (good)
  2814 | D:4      | XOM: enchant monster (bad)
  2834 | D:4      | Killed Edmund
  2835 | D:4      | Reached skill level 7 in Fighting
  2916 | D:4      | XOM: destruction
  2932 | D:4      | XOM: divine lightning
  3329 | D:5      | Entered Level 5 of the Dungeon
  3329 | D:5      | XOM: swap monsters
  3410 | D:5      | Reached skill level 8 in Fighting
  3530 | D:5      | XOM: 2-stop teleportation journey
  3540 | D:5      | Gained mutation: You are mostly covered in rugged brown
                  | scales. (AC +2, +5% HP) [demonic ancestry]
  3540 | D:5      | Reached XP level 8. HP: 47/79 MP: 8/8
  3603 | D:5      | XOM: summons 4 hostile demons
  3667 | D:6      | Reached skill level 9 in Fighting
  3984 | D:5      | Learned a level 2 spell: Jinxbite
  4105 | D:5      | Reached skill level 1 in Hexes
  4185 | D:5      | Found a sacrificial altar of Ru.
  4332 | D:5      | XOM: silly message
  4398 | D:6      | XOM: swap monsters
  4416 | D:6      | Reached skill level 1 in Spellcasting
  4488 | D:6      | XOM: summons 3 hostile shadow creatures
  4489 | D:6      | Noticed a troll
  4790 | D:6      | Reached skill level 10 in Fighting
  4790 | D:6      | Gained mutation: A weak demonic guardian rushes to your
                  | aid. [demonic ancestry]
  4790 | D:6      | Reached XP level 9. HP: 50/89 MP: 13/13
  4798 | D:6      | XOM: enchant monster (bad)
  4804 | D:6      | XOM: enchant monster (bad)
  4807 | D:6      | XOM: confusion
  4808 | D:6      | HP: 2/89 [yak (16)]
  4821 | D:6      | HP: 3/135 [adder (5)]
  4823 | D:6      | Slain by a yak

Illustrated notes

Levels and vault maps discovered:
D:1:      zaba_arrival_water, layout_basic
D:2:      minmay_chambers_of_twos, layout_rooms
D:3:      kennysheep_slugbush, layout_loops_cross, overflow_temple_1_default,
          xom_redecorated, nemelex_dance_club_becter, serial_shops,
          nicolae_square_shop, dk_noncrumbling_4, st_stairs_1,
          kennysheep_small_spiral, uniq_sigmund, uniq_natasha
D:4:      layout_basic, serial_shops, nicolae_shop_behind_doors, uniq_edmund
D:5:      layout_loops_cross, hangedman_ru_absence
D:6:      layout_rooms, minmay_temple_entry_fiery, mrwooster_statue_mirror

Skill      XL: |  1  2  3  4  5  6  7  8 |
---------------+-------------------------+-----
Fighting       | 4 5 6 8 10 | 10.5
Shapeshifting  | 1 2 3 4 |  4.0
Hexes          | 3 |  3.0
Spellcasting   | 3 |  3.0
Long Blades    | |  2.6
Armour         | |  1.7
Dodging        | |  0.8

Action                     |  1- 3 |  4- 6 |  7- 9 || total
---------------------------+-------+-------+-------++-------
  Melee: Falchion          |    25 |       |       ||    25
         Long sword        |    61 |   139 |   154 ||   354
         Unarmed           |       |       |    14 ||    14
   Cast: Jinxbite          |       |       |     6 ||     6
  Evoke: Wand              |       |       |     5 ||     5
    Use: Potion            |       |     7 |     6 ||    13
         Scroll            |       |     7 |     4 ||    11
   Stab: Petrifying        |     1 |       |       ||     1
         Invisible         |       |     1 |     2 ||     3
         Sleeping          |       |     2 |       ||     2
         Petrified         |       |       |    12 ||    12
         Confused          |       |       |     1 ||     1
 Armour: Leather armour    |    59 |    98 |   149 ||   306
         Skin              |       |       |     6 ||     6
  Dodge: Dodged            |    71 |   143 |   148 ||   362
   Form: Beast             |     1 |       |     1 ||     2
                           |       |     1 |       ||     1

Table legend: (Time is in decaauts)
 A = Elapsed time spent in this place.
 B = Non-inter-level travel time spent in this place.
 C = Inter-level travel time spent in this place.
 D = Time resting spent in this place.
 E = Time spent auto-exploring this place.
 F = Levels seen in this place.
 G = Mean time per level.
                   A        B        C        D        E       F      G
               +--------+--------+--------+--------+--------+-----+--------+
         Total |   4881 |   4718 |    163 |    513 |   3185 |   6 |  813.5 |
       Dungeon |   4881 |   4718 |    163 |    513 |   3185 |   6 |  813.5 |
               +--------+--------+--------+--------+--------+-----+--------+

Top non-repeatable levels by time:
     D:5: 1186 daAuts
     D:4: 944 daAuts
     D:1: 918 daAuts
     D:3: 838 daAuts
     D:2: 661 daAuts
     D:6: 331 daAuts
